 Dungeon Crawl Stone Soup version 0.25.1-2-g60ff931df9 (webtiles) character file.

Game seed: 8783046900198377057

111 soggyman666 the Chopper (level 4, -1/41 HPs)
             Began as a Minotaur Berserker on Oct 29, 2020.
             Was a Believer of Trog.
             Engulfed by Ijyb's noxious fumes (4 damage)
             ... on level 3 of the Dungeon.
             The game lasted 00:07:00 (2262 turns).

soggyman666 the Chopper (Minotaur Berserker)        Turns: 2262, Time: 00:07:00

Health: -1/41      AC:  6    Str: 22    XL:     4   Next: 62%
Magic:  3/3        EV: 12    Int:  4    God:    Trog [**....]
Gold:   119        SH:  0    Dex: 10    Spells: 3/3 levels left

rFire    . . .     SeeInvis .   a - +0 hand axe
rCold    . . .     Gourm    .   (no shield)
rNeg     . . .     Faith    .   l - +0 leather armour
rPois    .         Spirit   .   (helmet restricted)
rElec    .         Reflect  .   (no cloak)
rCorr    .         Harm     .   f - +1 pair of gloves
MR       .....                  j - +0 pair of boots
Stlth    ..........             (no amulet)
HPRegen  0.13/turn              (no ring)
MPRegen  0.08/turn              (no ring)

@: confused, berserk cooldown, slowed, very slow
A: retaliatory headbutt, horns 2
a: Berserk, Trog's Hand, Renounce Religion


You were on level 3 of the Dungeon.
You worshipped Trog.
Trog was pleased with you.
You were very hungry.

You visited 1 branch of the dungeon, and saw 3 of its levels.

You collected 119 gold pieces.

Inventory:

Hand Weapons
 a - a +0 hand axe (weapon)
Armour
 f - a +1 pair of gloves (worn)
 j - a +0 pair of boots (worn)
 l - a +0 leather armour (worn)
Scrolls
 d - 4 scrolls of teleportation
 e - a scroll of enchant armour
 i - 2 scrolls of remove curse
Potions
 g - 2 potions of curing {unknown}
 h - a potion of lignification {unknown}
 k - 2 potions of ambrosia {unknown}
Comestibles
 c - 5 rations


   Skills:
 + Level 4.5 Fighting
 + Level 5.3 Axes
 + Level 2.7 Armour
 + Level 2.8 Dodging
 + Level 0.1 Stealth


You had 3 spell levels left.
You didn't know any spells.
Your spell library was empty.

Dungeon Overview and Level Annotations

Branches:
Dungeon (3/15)

Altars:
Kikubaaqudgha
The Shining One

Annotations:
D:3 1 runed translucent door, Crazy Yiuf, Grinder, Ijyb


Innate Abilities, Weirdness & Mutations

You reflexively headbutt those who attack you in melee.
You have a pair of horns on your head.


Message History

You feel yourself slow down. Grinder hits you!
* * * LOW HITPOINT WARNING * * *
You writhe in agony.
* * * LOW HITPOINT WARNING * * *
You are engulfed in noxious fumes.
You choke on the stench!
You are more confused.
* * * LOW HITPOINT WARNING * * *
Ijyb is engulfed in noxious fumes.
Ijyb appears confused.
Ijyb barely misses you.
You hit Ijyb.
Ijyb is moderately wounded.
You are engulfed in noxious fumes.
You choke on the stench!
You are more confused.
Grinder blinks!
Ijyb is engulfed in noxious fumes.
Ijyb appears confused.
Ijyb barely misses you.
You hit Ijyb.
Ijyb is heavily wounded.
You are engulfed in noxious fumes.
You choke on the stench!
You are more confused.
You die...

###### .....#
####.# #.# #.#
#.#
#.#############
##
#...........§§#
.#
#############@#
.# #g# ..
.......§.......
#..
#.#..5.......##
# #..........#
# ............#
#
###..........#
# #..........#
##..#...#
##..........


You could see Grinder and Ijyb (confused).

Vanquished Creatures
  2 adders (D:2)
  2 gnolls (D:3)
  An ooze (D:1)
  2 worms
  2 dart slugs
  2 leopard geckos (D:1)
  2 orcs (D:3)
  A ball python (D:1)
  A bat zombie (D:2)
  2 giant cockroaches
  6 goblins
  6 hobgoblins
  A quokka (D:3)
  7 bats
  4 frilled lizards
  7 kobolds
  6 rats
  2 rat zombies (D:2)
56 creatures vanquished.

Notes
Turn   | Place    | Note
-------+----------+-------------------------------------------
     0 | D:1      | soggyman666 the Minotaur Berserker began the quest for the
                  | Orb.
     0 | D:1      | Reached XP level 1. HP: 19/19 MP: 0/0
    54 | D:1      | Reached skill level 4 in Axes
    54 | D:1      | Reached XP level 2. HP: 26/27 MP: 1/1
   272 | D:1      | Reached XP level 3. HP: 33/33 MP: 2/2
   771 | D:2      | Found a glowing golden altar of the Shining One.
   972 | D:2      | Reached ** piety under Trog
  1120 | D:2      | Found an ancient bone altar of Kikubaaqudgha.
  1346 | D:2      | Reached skill level 5 in Axes
  1346 | D:2      | Reached XP level 4. HP: 40/41 MP: 3/3
  2167 | D:3      | Found a runed translucent door.
  2168 | D:3      | Noticed Crazy Yiuf
  2242 | D:3      | Noticed Grinder
  2243 | D:3      | Noticed Ijyb
  2246 | D:3      | Paralysed by Grinder for 2 turns
  2262 | D:3      | Engulfed by Ijyb's noxious fumes

Illustrated notes

Levels and vault maps discovered:
D:1:      minmay_arrival_wavy_path, layout_rooms
D:2:      layout_loops_ring, nicolae_tso_carved_into_rock,
          lemuel_zombie_altar_kikubaaqudgha
D:3:      layout_basic, minivault_4, uniq_crazy_yiuf_cottage, uniq_ijyb,
          uniq_grinder

Skill      XL: |  1  2  3 |
---------------+----------+-----
Fighting       | 4 |  4.5
Axes           | 4 5 |  5.3
Armour         | |  2.7
Dodging        | |  2.8
Stealth        | |  0.1

Action                   |  1- 3 |  4- 6 || total
-------------------------+-------+-------++-------
Melee: Hand axe          |    65 |    42 ||   107
       Headbutt          |     5 |     7 ||    12
Invok: Berserk           |     1 |     1 ||     2
  Use: Scroll            |     1 |     3 ||     4
 Stab: Sleeping          |     1 |       ||     1
  Eat: Chunk             |     2 |     3 ||     5
Armor: Animal skin       |    13 |       ||    13
       Leather armour    |       |     7 ||     7
Dodge: Dodged            |    48 |    30 ||    78
